 Dungeon Crawl Stone Soup version 0.30.0-13-g156ef70053 (webtiles) character file.

Game seed: 1075674657887052197

10270 browni3141 the Fighter (level 11, -11/99 (101) HPs)
             Began as a Minotaur Fighter on May 17, 2023.
             Was a High Priest of Okawaru.
             Mangled by a kobold brigand
             ... wielding a +1 dagger of distortion
              (15 damage)
             ... on level 11 of the Dungeon.
             The game lasted 00:07:03 (12446 turns).

browni3141 the Fighter (Minotaur Fighter)          Turns: 12446, Time: 00:07:03

HP:   -11/99 (101)  AC: 16    Str: 21    XL:     11   Next: 34%
MP:   10/10         EV: 12    Int:  5    God:    Okawaru [*****.]
Gold: 613           SH:  6    Dex: 14    Spells: 10/10 levels left

rFire   . . .        a - +0 war axe
rCold   . . .        c - +0 buckler
rNeg    . . .        R - +1 chain mail
rPois   .            (helmet restricted)
rElec   .            (no cloak)
rCorr   .            (no gloves)
SInv    .            q - +2 pair of boots
Will    .....        (no amulet) Stlth
                     B - ring of flight
HPRegen 0.36/turn    (no ring)
MPRegen 0.12/turn

%: no passive effects
@: lethally poisoned (-11 -> -28), flying, slowed, studying Unarmed Combat,
lightly drained, very slow
A: horns 2, retaliatory headbutt
a: Renounce Religion, Heroism, Finesse, Duel


You were on level 11 of the Dungeon.
You worshipped Okawaru.
Okawaru was extremely pleased with you.
You visited 2 branches of the dungeon, and saw 12 of its levels.
You also visited: Sewer and Ossuary.

You collected 703 gold pieces.
You spent 90 gold pieces at shops.

Inventory:

Hand Weapons
 a - a +0 war axe (weapon)
Missiles
 v - 2 silver javelins
 J - a javelin (quivered)
 T - 12 silver boomerangs
Armour
 b - a +0 scale mail
 c - a +0 buckler (worn)
 q - a +2 pair of boots (worn)
 R - a +1 chain mail (worn)
Jewellery
 s - a ring of protection from cold
 z - a +6 ring of intelligence
 B - a ring of flight (left hand)
Wands
 p - a wand of polymorph (7)
 y - a wand of mindburst (10)
 E - a wand of quicksilver (11)
 V - a wand of flame (22)
Scrolls
 w - 2 scrolls of amnesia
 x - 2 scrolls of brand weapon
 F - 2 scrolls of noise
 K - 5 scrolls of fear
 N - 3 scrolls of blinking
 P - 6 scrolls of poison
 Q - a scroll of enchant weapon
 S - 2 scrolls of enchant armour
 U - 2 scrolls of magic mapping
 W - 7 scrolls of teleportation {unknown}
 X - 2 scrolls of summoning {unknown}
Potions
 d - 2 potions of cancellation {unknown}
 h - a potion of haste
 r - 2 potions of berserk rage {unknown}
 u - a potion of ambrosia {unknown}
 A - a potion of resistance {unknown}
 C - a potion of curing
 D - a potion of invisibility {unknown}
 G - a potion of flight {unknown}
 H - 3 potions of heal wounds
 I - 2 potions of brilliance {unknown}
 L - a potion of lignification {unknown}
 M - a potion of might
 O - a potion of magic {unknown}
 Y - 3 potions of mutation {unknown}
 Z - 3 potions of degeneration {unknown}
Miscellaneous
 t - a phial of floods


   Skills:
 + Level 10.3 Fighting
 + Level 10.0 Axes
 + Level 10.3 Armour
 + Level 8.8 Dodging
 + Level 10.3 Shields


You had 10 spell levels left.
You didn't know any spells.
Your spell library contained the following spells:

 Spells                   Type           Power      Damage    Failure   Level
 Kiss of Death            Conj/Necr      0%         2d5       97%         1
 Magic Dart               Conj           0%         1d3       97%         1
 Blink                    Tloc           0%         N/A       99%         2
 Ensorcelled Hibernation  Hex/Ice        0%         N/A       99%         2
 Lesser Beckoning         Tloc           0%         N/A       99%         2
 Momentum Strike          Conj/Tloc      0%         3d8       99%         2
 Passwall                 Tmut/Erth      0%         N/A       99%         2
 Searing Ray              Conj           0%         2d4       99%         2
 Confusing Touch          Hex            0%         N/A       100%        3
 Swiftness                Air            0%         N/A       100%        3
 Vhi's Electric Charge    Tloc/Air       0%         N/A       100%        3
 Dispel Undead            Necr           0%         3d6       100%        4
 Fulminant Prism          Conj/Hex       0%         3d5       100%        4
 Arcjolt                  Conj/Air       0%         1d10      100%        5
 Maxwell's Capacitive Co  Air            0%         ∞         100%        8


Dungeon Overview and Level Annotations

Branches:
Dungeon (11/15)            Temple (1/1) D:4            Lair (0/5) D:10
  Sewer (visited)         Ossuary (visited)
    Orc: D:9-12

Altars:
Ashenzari
Cheibriados
Dithmenos
Elyvilon
Fedhas
Gozag
Hepliaklqana
Kikubaaqudgha
Makhleb
Nemelex Xobeh
Okawaru
Qazlal
Ru
Sif Muna
Trog
Uskayaw
Vehumet
Wu Jian
Xom
Yredelemnul
Zin
The Shining One

Shops:
D:7 *

Annotations:
D:9 1 transporter, Esekla's ghost, novice OpNe


Innate Abilities, Weirdness & Mutations

You have a pair of horns on your head.
You reflexively headbutt those who attack you in melee.


Message History

You feel like a meek peon again.
You feel sick. You block the kobold brigand's attack.
You barely miss the kobold brigand. You headbutt the kobold brigand.
The kobold brigand is lightly wounded.
You barely miss the kobold brigand.
You feel sick.
The kobold brigand hits you with a +1 short sword of draining.
You feel drained.
You slash the kobold demonologist!
The kobold demonologist is moderately wounded.
You hit the kobold brigand.
You feel sick.
The kobold brigand hits you with a +1 short sword of draining.
You feel drained.
You slash the kobold demonologist!
The kobold demonologist is severely wounded.
You slash the kobold brigand!
You feel sick.
The kobold demonologist hits you but does no damage.
The kobold brigand hits you but does no damage.
You feel drained.
You completely miss the kobold demonologist.
The kobold demonologist is severely wounded.
You barely miss the kobold brigand.
You feel sick.
The kobold demonologist mumbles some strange words.
The kobold brigand hits you with a +1 short sword of draining.
You feel drained.
You closely miss the kobold demonologist.
The kobold demonologist is severely wounded.
You slash the kobold brigand!
You feel sick.
You barely miss the kobold demonologist.
You headbutt the kobold demonologist.
The kobold demonologist is almost dead.
You hit the kobold brigand.
You feel sick.
You are no longer poisoned.
You block the kobold brigand's attack. The kobold demonologist misses you.
You hit the kobold demonologist.
Your headbutt misses the kobold demonologist.
The kobold demonologist is almost dead.
You barely miss the kobold brigand. You block the kobold brigand's attack.
The kobold demonologist hits you with a +0 dagger.
You miss the kobold demonologist. You headbutt the kobold demonologist.
You kill the kobold demonologist!
Okawaru accepts your kill.
The quasit disappears in a puff of smoke!
You slash the kobold brigand!
You kill the kobold brigand!
Okawaru accepts your kill.
The kobold brigand throws a poisoned dart.
The poisoned dart hits you!
You are poisoned.
You slash the kobold brigand!
The kobold brigand is heavily wounded.
You closely miss the kobold brigand.
You feel sick. The kobold brigand misses you. You furiously retaliate!
You headbutt the kobold brigand. The kobold brigand closely misses you.
You hit the kobold brigand.
The kobold brigand is almost dead.
You hit the kobold brigand.
You feel sick. The kobold brigand barely misses you. You furiously retaliate!
You headbutt the kobold brigand. The kobold brigand barely misses you.
You hit the kobold brigand but do no damage.
You headbutt the kobold brigand.
The kobold brigand is almost dead.
You closely miss the kobold brigand.
You feel sick.
The kobold brigand hits you but does no damage.
You block the kobold brigand's attack.
You barely miss the kobold brigand. You headbutt the kobold brigand.
You kill the kobold brigand!
Okawaru accepts your kill.
You slash the kobold brigand!
You feel sick. The kobold brigand misses you. You furiously retaliate!
You headbutt the kobold brigand!
Your Axes skill increases to level 10!
You hit the kobold brigand.
You kill the kobold brigand!
Okawaru accepts your kill.
You hit the kobold brigand.
You feel sick.
You closely miss the kobold brigand.
Your headbutt misses the kobold brigand.
The kobold brigand is lightly wounded.
You hit the kobold brigand but do no damage.
You feel sick.
The kobold brigand hits you but does no damage. x2
You blink.
The kobold brigand throws a curare-tipped dart.
The curare-tipped dart hits you.
You are more poisoned.
You have difficulty breathing.
You feel yourself slow down.
You feel very sick.
The kobold brigand throws a curare-tipped dart.
The curare-tipped dart hits you.
You are more poisoned.
You have difficulty breathing.
You feel as though you will be slow longer.
You slash the kobold brigand!
Your headbutt misses the kobold brigand.
The kobold brigand is heavily wounded.
You barely miss the kobold brigand.
You feel extremely sick.
The kobold brigand hits you but does no damage.
The kobold brigand hits you with a +1 dagger of distortion.
Space warps horribly around you!
You die...

##.### ##### ### ##.#
#...##[|$##
...#####..##.....##
...'...'..#~.#.#.~#
...#####..#⌠.#.#.⌠#
.......####~.#.#.~#########
...###.# ###...K.##.......#
#### #.# #.##)KK##.#......#
#.# #...)KK@..#......# #.#
#####.#..<....#### #.#
#...####### #.# ###.# #.#
#)# #.# #.# #># #.# #.# #.#
#.# #.#


You could see 5 kobold brigands.

Vanquished Creatures
  The ghost of Jackthecabe the Fighter, a journeyman DjFE of Makhleb (D:11)
  A two-headed ogre (D:10)
  Amaemon (D:9)
  Pikel (D:7)
  Psyche (D:8)
  2 gargoyles (D:11)
  An orange demon (D:9)
  A kobold demonologist (D:11)
  A hornet (D:7)
  2 trolls (D:9)
  Grinder (D:6)
  Prince Ribbit (D:7)
  2 wraiths
  5 yaks (D:9)
  Eustachio (D:6)
  Grum (D:9)
  An acid dragon (D:10)
  A water moccasin (D:8)
  2 black bears
  2 ice beasts
  A sky beast (D:7)
  4 orc warriors
  3 ogres
  3 centaurs
  2 wolves (D:9)
  A lemure (D:7)
  2 phantoms
  5 kobold brigands
  Blork the orc (D:6)
  2 bullfrogs (Sewer)
  8 wights
  5 howler monkeys
  6 centaur zombies (Ossuary)
  2 hounds (D:5)
  7 orc priests
  5 jellies
  2 iguanas (D:5)
  A sleepcap (D:6)
  10 orc wizards
  5 mummies (Ossuary)
  6 gnolls
  15 adders
  5 river rats (Sewer)
  An ufetubus (D:7)
  5 worms
  A dart slug (D:1)
  27 orcs
  2 bats
  6 endoplasms
  8 giant cockroaches
  11 goblins
  10 hobgoblins
  8 jackals
  20 kobolds
  3 quokkas
  25 ball pythons
  2 frilled lizards
  2 hobgoblin zombies (Ossuary)
  33 rats
294 creatures vanquished.

Notes
Turn   | Place    | Note
-------+----------+-------------------------------------------
     0 | D:1      | browni3141 the Minotaur Fighter began the quest for the
                  | Orb.
     0 | D:1      | Reached XP level 1. HP: 19/19 MP: 0/0
    96 | D:1      | Reached XP level 2. HP: 27/27 MP: 1/1
   491 | D:1      | Reached XP level 3. HP: 33/33 MP: 2/2
   941 | D:2      | Found a shimmering altar of Xom.
   961 | D:2      | Reached skill level 3 in Axes
   963 | D:2      | Reached XP level 4. HP: 27/40 MP: 3/3
  1147 | D:2      | Found a faded altar of an unknown god.
  1926 | D:3      | Reached XP level 5. HP: 41/47 MP: 4/4
  2071 | D:3      | Found a hazy altar of Hepliaklqana.
  2558 | D:4      | Found a sand-covered staircase.
  2569 | Ossuary  | Entered an ossuary
  2584 | Ossuary  | Reached XP level 6. HP: 22/55 MP: 5/5
  2725 | Ossuary  | Reached skill level 3 in Dodging
  3013 | D:4      | Found a staircase to the Ecumenical Temple.
  3136 | Temple   | Entered the Ecumenical Temple
  3249 | Temple   | Became a worshipper of Warmaster Okawaru
  3555 | D:5      | Entered Level 5 of the Dungeon
  3722 | D:5      | Reached XP level 7. HP: 58/61 MP: 6/6
  4005 | D:5      | Reached * piety under Okawaru
  4006 | D:5      | Reached skill level 6 in Fighting
  4012 | D:5      | Reached skill level 6 in Armour
  4012 | D:5      | Reached skill level 6 in Shields
  4156 | D:5      | Reached XP level 8. HP: 59/70 MP: 7/7
  4273 | D:5      | Identified the staff of earth "Taakh" {Int+3}
  4505 | D:5      | Reached ** piety under Okawaru
  5359 | D:6      | Noticed Grinder
  5386 | D:6      | Killed Grinder
  5387 | D:6      | Reached skill level 6 in Axes
  5431 | D:6      | Noticed Eustachio
  5452 | D:6      | Killed Eustachio
  5511 | D:6      | Reached XP level 9. HP: 33/79 MP: 8/8
  5512 | D:6      | Reached *** piety under Okawaru
  5803 | D:6      | Found a glowing drain.
  5835 | Sewer    | Entered a sewer
  6212 | D:6      | Noticed Blork the orc
  6221 | D:6      | Killed Blork the orc
  6290 | D:6      | Found Zin's Purification Station.
  6312 | D:6      | Reached skill level 6 in Dodging
  6349 | D:6      | Found a glowing silver altar of Zin.
  6352 | D:6      | Bought a potion of curing for 90 gold pieces
  6884 | D:7      | Noticed a +0 falchion
  6884 | D:7      | Noticed a +0 falchion
  6885 | D:7      | Noticed a +0 spear
  6885 | D:7      | Noticed a +0 dagger
  6886 | D:7      | Noticed a +0 short sword
  6886 | D:7      | Noticed a +0 spear
  6887 | D:7      | Noticed a +0 short sword
  6889 | D:7      | Noticed a +0 dagger
  6901 | D:7      | Found a hide-covered altar of Uskayaw.
  6903 | D:7      | Noticed Pikel
  6916 | D:7      | Killed Pikel
  6916 | D:7      | Reached **** piety under Okawaru
  7056 | D:7      | Found Bolac's Island Escapes.
  7172 | D:7      | Noticed Prince Ribbit
  7188 | D:7      | Killed Prince Ribbit
  7852 | D:8      | Noticed Psyche
  7886 | D:8      | Killed Psyche
  7887 | D:8      | Reached XP level 10. HP: 36/88 MP: 6/9
  8130 | D:8      | HP: 4/81 [wight/+0 war axe (3)]
  8968 | D:9      | Reached skill level 9 in Fighting
  8969 | D:9      | Reached skill level 9 in Armour
  8969 | D:9      | Reached skill level 9 in Shields
  9150 | D:9      | Found a shimmering blue altar of Sif Muna.
  9210 | D:9      | Received a gift from Okawaru
  9592 | D:9      | Noticed Amaemon
  9594 | D:9      | Noticed an orange demon
  9603 | D:9      | HP: 1/91 [Amaemon/+0 demon whip of venom (5)]
  9613 | D:9      | HP: 4/91 [poisoned by Amaemon]
  9627 | D:10     | Entered Level 10 of the Dungeon
  9654 | D:9      | HP: 3/91 [poisoned by Amaemon]
  9656 | D:9      | Killed Amaemon
  9657 | D:9      | Reached skill level 9 in Axes
  9663 | D:9      | Killed an orange demon
 10171 | D:9      | Noticed a two-headed ogre
 10171 | D:9      | Noticed a two-headed ogre
 10171 | D:9      | Noticed Esekla's ghost (novice OpNe)
 10172 | D:9      | Found a transporter.
 10173 | D:9      | Identified the +8 giant club "Japuukol" {vamp, *Slow Str+4}
 10173 | D:9      | Noticed a two-headed ogre
 10173 | D:9      | Noticed a two-headed ogre
 10324 | D:9      | Found a blossoming altar of Fedhas.
 10478 | D:9      | Noticed Grum
 10494 | D:9      | Killed Grum
 10902 | D:10     | Found a staircase to the Lair.
 11004 | D:10     | Noticed a two-headed ogre
 11010 | D:10     | Killed a two-headed ogre
 11010 | D:10     | Reached ***** piety under Okawaru
 11010 | D:10     | Received a gift from Okawaru
 11011 | D:10     | Reached XP level 11. HP: 41/99 MP: 10/10
 11321 | D:10     | Found a radiant altar of Vehumet.
 11386 | D:10     | Found a broken altar of Ashenzari.
 11776 | D:10     | Found a sacrificial altar of Ru.
 11782 | D:10     | Found a bloodstained altar of Trog.
 11790 | D:10     | Found a snail-covered altar of Cheibriados.
 12147 | D:11     | Found a runed translucent gate.
 12154 | D:11     | Found a runed translucent gate.
 12156 | D:11     | Found a runed translucent gate.
 12156 | D:11     | Noticed Jackthecabe's ghost (journeyman DjFE)
 12430 | D:11     | Killed Jackthecabe's ghost
 12446 | D:11     | HP: 4/99 [kobold brigand/+1 dagger of distortion (4)]
 12446 | D:11     | Mangled by a kobold brigand

Illustrated notes

Levels and vault maps discovered:
D:1:      lemuel_arrival_muddy, layout_loops_ring
D:2:      layout_basic, shapermc_ecumenical_altar_acropolis, basic_altar,
          hex_intersection, minmay_mini_jars
D:3:      layout_loops_ring, nicolae_overflow_hidden_temple,
          hangedman_decor_growths
D:4:      layout_gridville, minmay_temple_entry_stoned_glass,
          nicolae_ossuary_entry_monument
D:5:      nicolae_cairo_tiling_very_big, layout_layer_cave, nrook_pool_corridor
D:6:      layout_loops_ring, zin_purify, gup_sewer_entry_glass,
          minmay_manual_monstrance, uniq_blork_the_orc, uniq_grinder,
          uniq_eustachio
D:7:      layout_basic, nicolae_uskayaw_en_pointe, nicolae_island_escapes,
          uniq_pikel, uniq_prince_ribbit1
D:8:      layout_basic, uniq_psyche
D:9:      layout_basic, fedhas_altar_4, tgw_sif, gammafunk_ghost_smash,
          uniq_amaemon, uniq_grum
D:10:     layout_loops_ring, nicolae_ashenzari_panopticon,
          minmay_overflow_temple_star_quad, vehumet_altar_wand_db,
          minmay_unpleasant_kobolds
D:11:     layout_basic, gammafunk_ghost_nasty_kobolds, uniq_gastronok
Temple:   hc_temple_tempest_star

Skill      XL: |  1  2  3  4  5  6  7  8  9 10 11 |
---------------+----------------------------------+-----
Dodging        | 1 2 3 4 5 6 8 |  8.8
Shields        | 4 5 6 7 8 9 10 | 10.3
Fighting       | 4 5 6 7 8 9 10 | 10.3
Armour         | 4 5 6 7 8 9 10 | 10.3
Axes           | 3 4 5 6 8 9 10 | 10.0

Action                     |  1- 3 |  4- 6 |  7- 9 | 10-12 || total
---------------------------+-------+-------+-------+-------++-------
  Melee: War axe           |    66 |   167 |   289 |   260 ||   782
         Headbutt          |     6 |    32 |    53 |    57 ||   148
         Unarmed           |       |       |    12 |       ||    12
  Throw: Javelin           |       |       |       |     1 ||     1
 Invoke: Heroism           |       |       |       |     5 ||     5
  Evoke: Wand              |       |       |       |     1 ||     1
    Use: Scroll            |       |       |     9 |     1 ||    10
         Potion            |       |       |     3 |     8 ||    11
   Stab: Sleeping          |       |     1 |       |       ||     1
 Armour: Scale mail        |    14 |       |       |       ||    14
         Chain mail        |    19 |   130 |   168 |   111 ||   428
  Dodge: Dodged            |    32 |    92 |   171 |   145 ||   440
  Block: Buckler           |    15 |    37 |    82 |   111 ||   245
